Map: 2000 애트모스피어 - 래더

Players

Rogue - Winner!

  • Race: Zerg Zerg

Neeb

  • Race: Protoss Protoss

Event: IEM Katowice 2022

VOD

Have the link to the VOD?

Description

Time

  • Played on: Feb. 24, 2022, 7:18 a.m.
  • Length: 4:31

All games in this series

Show
View Real Time Build Order
Export as new Build Order

Rogue Zerg - Winner!

Build Orders: Hatch First 

Get SALT Encoding   

  12  0:00  Drone  
  13  0:12  Overlord  
  13  0:16  Drone  
  14  0:30  Drone x2  
  16  0:41  Drone  
  17  0:51  Hatchery  
  17  0:54  Drone  
  17  0:57  Drone  
  18  1:10  Extractor  
  17  1:13  Spawning Pool  
  17  1:16  Drone  
  17  1:19  Drone  
  18  1:28  Drone  
  19  1:38  Drone  
  20  1:49  Overlord  
  20  2:00  Zergling x2  
  21  2:03  Queen x2  
  21  2:04  Zergling x2  
  26  2:11  Drone  
  26  2:13  Metabolic Boost  
  27  2:15  Drone  
  27  2:21  Drone  
  29  2:26  Drone  
  30  2:33  Drone  
  30  2:36  Drone  
  32  2:40  Hatchery  
  33  2:51  Overlord  
  34  2:58  Zergling x6  
  34  3:04  Zergling x2  
  35  3:08  Zergling x2  
  35  3:12  Zergling x10  
  41  3:13  Zergling x2  
  41  3:18  Zergling x2  
  43  3:21  Zergling x2  
  44  3:39  Zergling x2  
  43  3:44  Zergling x2  
  43  3:54  Overlord x2  
  41  4:04  Zergling x2  
  41  4:06  Zergling x2  
  41  4:07  Overlord, Zergling x2  
  41  4:11  Zergling x2  
  41  4:12  Zergling x2  
Show
View Real Time Build Order
Export as new Build Order

Neeb Protoss 

Build Orders: 1 Gate Expand, Oracle Opening 

Get SALT Encoding   

  12  0:00  Probe  
  13  0:12  Probe  
  14  0:19  Pylon  
  14  0:24  Probe  
  15  0:37  Probe (Chrono Boost)  
  15  0:39  Gateway  
  16  0:46  Probe (Chrono Boost)  
  16  0:49  Assimilator  
  17  0:51  Probe (Chrono Boost)  
  18  1:03  Probe  
  19  1:15  Probe  
  20  1:26  Nexus  
  21  1:36  Cybernetics Core  
  21  1:39  Probe  
  21  1:45  Assimilator  
  21  1:51  Probe  
  21  1:53  Pylon  
  22  2:03  Probe (Chrono Boost)  
  23  2:12  Stalker, Probe (Chrono Boost)  
  26  2:17  Probe (Chrono Boost)  
  27  2:28  Assimilator  
  27  2:29  Probe (Chrono Boost)  
  28  2:30  Stargate  
  29  2:38  Probe (Chrono Boost)  
  29  2:39  Warp Gate  
  29  2:40  Probe (Chrono Boost)  
  31  2:47  Probe (Chrono Boost)  
  31  2:48  Probe (Chrono Boost)  
  31  2:50  Adept  
  34  2:52  Probe (Chrono Boost)  
  34  2:56  Probe  
  36  3:04  Probe, Void Ray (Chrono Boost)  
  37  3:08  Probe  
  38  3:15  Pylon  
  38  3:16  Probe  
  43  3:20  Probe, Adept  
  46  3:33  Probe  
  48  3:41  Oracle (Chrono Boost)  
  48  3:46  Pylon x2  
  45  3:51  Adept  
  40  3:55  Pylon  
  32  4:05  Probe  
  30  4:11  Probe  
  25  4:17  Probe  
  25  4:22  Pylon  

Tags
 
Add a new tag
Caveats
  • Supply blocks, unpowered buildings, or Contaminate may cause inaccurate times.
  • Supply counts are checked every 10 seconds.